 Dungeon Crawl Stone Soup version 0.19-a0-1855-gb7442ac (webtiles) character file.

39 graki42 the Ducker (level 3, -1/17 HPs)
             Began as a Felid Berserker on Oct 11, 2016.
             Was a Believer of Trog.
             Slain by an orc
             ... wielding a cursed +0 flail
              (10 damage)
             ... on level 3 of the Dungeon.
             The game lasted 00:02:40 (1831 turns).

graki42 the Ducker (Felid Berserker)                Turns: 1831, Time: 00:02:41

Health: -1/17      AC:  1    Str: 13    XL:     3   Next: 28%
Magic:  4/4        EV: 20    Int:  8    God:    Trog [**....]
Gold:   24         SH:  0    Dex: 16    Spells: 0 memorised, 2 levels left
                                        Lives:  0   Deaths: 0

rFire  . . .     SeeInvis +       - Unarmed
rCold  . . .     Gourm    .     (armour unavailable)
rNeg   . . .     Faith    .     (shield unavailable)
rPois  .         Spirit   .     (helmet unavailable)
rElec  .         Dismiss  .     (cloak unavailable)
rCorr  .         Reflect  .     (gloves unavailable)
MR     .....     Harm     +     (boots unavailable)
Stlth  ++........               c - amulet of harm
                                (no ring)
                                (no ring)

@: quick
A: no armour, no weapons or thrown items, stealth, claws 1, fangs 3, see
invisible, carnivore 3, speed 1, shaggy fur 1, slow metabolism 1, sharp paws
a: Berserk, Trog's Hand, Burn Spellbooks, Renounce Religion


You were on level 3 of the Dungeon.
You worshipped Trog.
Trog was pleased with you.
You were hungry.

You visited 1 branch of the dungeon, and saw 3 of its levels.

You collected 24 gold pieces.

Inventory:

Jewellery
 c - an amulet of harm (around neck)
 e - a cursed ring of teleportation {unknown}
Scrolls
 b - 6 scrolls of identify {unknown}
 d - a scroll of enchant armour {unknown}
 g - 2 scrolls of remove curse {unknown}
 h - a scroll of enchant weapon {unknown}
 l - a scroll of fear {unknown}
Potions
 f - a potion of agility {unknown}
 j - a potion of curing {unknown}
 k - a potion of heal wounds {unknown}
Comestibles
 a - 3 meat rations
 i - 3 beef jerkies


   Skills:
 + Level 3.5 Fighting
 + Level 4.5 Dodging
 + Level 1.1 Stealth
 + Level 3.4 Unarmed Combat


You had 2 spell levels left.
You didn't know any spells.

Dungeon Overview and Level Annotations

Branches:
Dungeon (3/15)

Altars:
Cheibriados
Kikubaaqudgha


Innate Abilities, Weirdness & Mutations

You cannot wear armour.
You are incapable of wielding weapons or throwing items.
Your paws allow you to move quietly. (Stealth)
You have sharp claws.
You have razor-sharp teeth.
You have supernaturally acute eyesight. (SInv)
You are carnivorous and can eat meat at any time.
You cover ground quickly.
You are covered in fur. (AC +1)
You have a slow metabolism.
Your sharp claws are effective at attacking unaware monsters.


Message History

You are feeling hungry.
An orc comes into view. It is wielding a flail.
The orc shouts!
You closely miss the orc. The orc completely misses you.
You scratch the orc.
The orc is moderately wounded.
The orc completely misses you.
You closely miss the orc.
The orc is moderately wounded.
The orc hits you with a flail!
You barely miss the orc.
The orc is moderately wounded.
The orc closely misses you.
You scratch the orc. You bite the orc.
The orc is severely wounded.
You barely miss the orc.
The orc is severely wounded.
The orc hits you with a flail!
Ouch! That really hurt!
You die...

#.########.#
# #.# #.#
#.# #.# #.#
#.#
.########.#
......o@..#
###########


You could see an orc.

Vanquished Creatures
  A worm (D:2)
  A dart slug (D:1)
  A ball python (D:1)
  6 bats (D:1)
  A giant cockroach (D:1)
  3 goblins
  6 hobgoblins
  3 jackals (D:1)
  5 kobolds
  4 rats (D:1)
31 creatures vanquished.

Notes
Turn   | Place    | Note
-------+----------+-------------------------------------------
     0 | D:1      | graki42 the Felid Berserker began the quest for the Orb.
     0 | D:1      | Reached XP level 1. HP: 10/10 MP: 2/2
    92 | D:1      | Reached XP level 2. HP: 11/14 MP: 3/3
   672 | D:1      | Reached ** piety under Trog
   747 | D:1      | Reached XP level 3. HP: 9/17 MP: 4/4
   749 | D:1      | Reached skill level 1 in Stealth
  1152 | D:2      | Found an ancient bone altar of Kikubaaqudgha.
  1532 | D:2      | Found a snail-covered altar of Cheibriados.
  1831 | D:3      | Slain by an orc

Vault maps used:
D:1:      lightli_arrival_flooded_house, hangedman_decor_opposing
D:2:      kiku_gazebo_garden_becter, lemuel_crystal_altar, fountainhead
D:3:      lemuel_coloured_pillars_altar

Skill      XL: |  1  2  3 |
---------------+----------+-----
Stealth        | 1 |  1.1
Fighting       | |  3.5
Dodging        | |  4.5
Unarmed Combat | |  3.4

Action                   || total
-------------------------++-------
Melee: Unarmed           ||    81
       Bite              ||    14
       Punch             ||     1
 Stab: Sleeping          ||     4
Armor: Skin              ||     2
Dodge: Dodged            ||    70
